AoeStats
← Zen_GSK

Arabia

508977777Analyzed
1v1 RM · 8d ago on Sep 24, 2026· 83m 32s· 2 players
Game mode
Random Map
Map size
Tiny (2 player)
Population
200
Speed
Normal
Resources
Standard
Victory
Conquest
Starting age
Dark Age
Ending age
Imperial Age
RankedLock teamsTeams togetherTeam positionsShared explorationLock speedFull tech treeHidden civsTurbo modeCheats
Victory
Defeat
🇦🇷 Romans · Argentina
574
+13
🇮🇳 Khmer · India
518
-13
Zen_GSK
14:02 Feudal Age
17:16 Double-Bit Axe
17:16 Horse Collar
19:55 Castle Age
18:57 Fletching
20:15 Arson
20:45 Crossbowman
21:41 Bodkin Arrow
22:57 Padded Archer Armor
23:05 Pikeman
27:23 Bow Saw
32:00 Wheelbarrow
31:12 Town Watch
33:54 Husbandry
34:24 Horse Collar
37:27 Hand Cart
37:13 Town Patrol
40:54 Ballistics
40:30 Murder Holes
40:27 Heated Shot
66:49 Scale Mail Armor
69:19 Forging
69:25 Chain Mail Armor
74:37 Imperial Age
72:01 Loom
73:10 Iron Casting
72:55 Leather Archer Armor
73:27 Bloodlines
75:47 Halberdier
76:57 Tusk Swords
76:58 Double Crossbow
77:35 Arbalester
78:19 Bracer
78:52 Ring Archer Armor
79:57 Cavalier
Ghostsute
6:40 Loom
13:16 Feudal Age
13:43 Horse Collar
13:51 Double-Bit Axe
20:33 Bloodlines
20:58 Scale Barding Armor
26:58 Castle Age
24:56 Stone Mining
25:28 Forging
28:01 Chain Barding Armor
27:44 Husbandry
31:52 Gold Mining
34:41 Wheelbarrow
35:45 Gold Shaft Mining
35:03 Pikeman
60:51 Bow Saw
62:18 Town Watch
65:07 Heavy Plow
67:53 Imperial Age
68:20 Ballistas
68:58 Conscription
69:28 Plate Barding Armor
72:52 Heavy Scorpion
74:26 Crop Rotation
75:10 Elite Centurion
80:07 Ballistics
79:43 Murder Holes
82:53 Chemistry
Connection lost

Rejoining the realm…

Still unreachable

The connection could not be restored.

Session expired

The server has moved on; the page needs a fresh start.